AoeStats
← benitezamir

Arabia

510334959Analyzed
1v1 RM · 1d ago on Sep 30, 2026· 69m 17s· 2 players
Game mode
Random Map
Map size
Tiny (2 player)
Population
200
Speed
Normal
Resources
Standard
Victory
Conquest
Starting age
Dark Age
Ending age
Imperial Age
RankedLock teamsTeams togetherTeam positionsShared explorationLock speedFull tech treeHidden civsTurbo modeCheats
Victory
Defeat
🇦🇷 Italians · Argentina
950
+43
🇺🇸 Mongols · United States
947
-16
IdentifiedArcher
5:44 Loom
9:27 Feudal Age
20:12 Castle Age
21:23 Double-Bit Axe
23:49 Bloodlines
25:25 Light Cavalry
26:11 Fletching
26:51 Padded Archer Armor
29:35 Bodkin Arrow
36:53 Town Watch
37:43 Wheelbarrow
38:09 Town Patrol
38:38 Bloodlines
41:05 Ballistics
41:43 Leather Archer Armor
44:30 Thumb Ring
51:26 Scale Barding Armor
59:59 Imperial Age
59:36 Husbandry
60:44 Elite Mangudai
64:26 Bracer
64:14 Hussar
65:37 Chain Barding Armor
benitezamir
7:37 Loom
9:23 Feudal Age
10:33 Double-Bit Axe
14:10 Fletching
14:54 Padded Archer Armor
15:39 Forging
23:30 Castle Age
21:36 Horse Collar
23:56 Crossbowman
24:43 Bodkin Arrow
25:14 Pikeman
27:03 Leather Archer Armor
29:30 Ballistics
29:51 Elite Skirmisher
30:39 Thumb Ring
32:57 Elite Skirmisher
43:11 Imperial Age
47:28 Ring Archer Armor
54:01 Bracer
54:30 Arbalester
58:15 Capped Ram
63:35 Iron Casting
63:01 Scale Mail Armor
64:09 Chemistry
Connection lost

Rejoining the realm…

Still unreachable

The connection could not be restored.

Session expired

The server has moved on; the page needs a fresh start.